 Dungeon Crawl Stone Soup version 0.28-a0-957-g42eb19b844 (webtiles) character file.

Game seed: 541514445187338486

3 yoda5477 the Grave Robber (level 1, 13/13 HPs)
             Began as a Vampire Necromancer on Nov 29, 2021.
             Quit the game on level 1 of the Dungeon on Nov 30, 2021.
             The game lasted 00:02:37 (147 turns).

yoda5477 the Grave Robber (Vampire Necromancer)      Turns: 147, Time: 00:02:37

Health: 13/13      AC:  2    Str:  7    XL:     1   Next: 41%
Magic:  3/3        EV: 12    Int: 17    God:
Gold:   14         SH:  0    Dex: 14    Spells: 3/4 levels left

rFire   . . .      SeeInvis +   c - +0 dagger
rCold   . . .      Faith    .   (no shield)
rNeg    . . .      Spirit   .   a - +0 robe
rPois   .          Reflect  .   (no helmet)
rElec   .          Harm     .   (no cloak)
rCorr   .          Rampage  .   (no gloves)
Will    .....                   (no boots)
Stlth   ++........              (no amulet)
HPRegen 0.24/turn               (no ring)
MPRegen 0.08/turn               (no ring)

@: healing quickly
A: alive, fangs 3, see invisible, vampiric 1
a: Exsanguinate


You were on level 1 of the Dungeon.
You visited 1 branch of the dungeon, and saw 1 of its levels.

You collected 14 gold pieces.

Inventory:

Hand Weapons
 c - a +0 dagger (weapon)
Armour
 a - a +0 robe (worn)
Potions
 b - a potion of flight {unknown}
 d - a potion of haste {unknown}


   Skills:
 + Level 0.4 Short Blades
 * Level 2.1 Dodging
 + Level 3.0 Stealth
 + Level 2.1 Spellcasting
 + Level 4.4 Necromancy


You had 3 spell levels left.
You knew the following spells:

 Your Spells              Type           Power      Damage    Failure   Level
a - Pain                  Necr           64%        1d7       3%          1

Your spell library contained the following spells:

 Spells                   Type           Power      Damage    Failure   Level
 Animate Skeleton         Necr           32%        N/A       3%          1
 Vampiric Draining        Necr           16%        2d7       10%         3
 Animate Dead             Necr           8%         N/A       30%         4
 Agony                    Necr           16%        N/A       65%         5


Dungeon Overview and Level Annotations

Branches:
Dungeon (1/15)

Altars:


Innate Abilities, Weirdness & Mutations

Your natural rate of healing is accelerated.
You have razor-sharp teeth.
You have supernaturally acute eyesight. (SInv)
You are afflicted with vampirism.


Message History

You kill the giant cockroach!
The bat hits you but does no damage.
You closely miss the bat. The bat barely misses you.
The bat closely misses you.
You closely miss the bat. The bat closely misses you.
The bat barely misses you.
You hit the bat but do no damage. The bat misses you. The bat hits you.
The bat hits you but does no damage.
You closely miss the bat. Your bite misses the bat.
The bat barely misses you. x2
You barely miss the bat. The bat hits you but does no damage.
You hit the bat but do no damage. The bat hits you but does no damage.
The bat misses you. The bat barely misses you.
You hit the bat.
The bat is severely wounded.
The bat closely misses you. x2
You barely miss the bat.
The bat is severely wounded.
The bat hits you. The bat hits you but does no damage.
You hit the bat but do no damage.
The bat is severely wounded.
The bat misses you.
You closely miss the bat.
The bat is severely wounded.
The bat barely misses you. The bat hits you.
You hit the bat but do no damage.
The bat is severely wounded.
The bat hits you but does no damage.
You miss the bat. You bite the bat.
You kill the bat!
You start resting.
HP restored.
At your current blood state you heal quickly.
Your movement speed is average.
Your attack delay is about 0.9.
Welcome back, yoda5477 the Vampire Necromancer.
Press ? for a list of commands and other information.
Unknown command.
Unknown command.
Unknown command.
Are you sure you want to abandon this character and quit the game? (Confirm with "yes".)

##..# #...#
....###########...#
###.##............#
###.....#######.#.#
.............##.#.#
############.##.#.#
# #.##.#.# #
#....#.###... .
#.†@........ ##
......#......###
##### ..###### ####


There were no monsters in sight!

Vanquished Creatures
  A bat (D:1)
  A giant cockroach (D:1)
  A rat (D:1)
3 creatures vanquished.

Notes
Turn   | Place    | Note
-------+----------+-------------------------------------------
     0 | D:1      | yoda5477 the Vampire Necromancer began the quest for the
                  | Orb.
     0 | D:1      | Reached XP level 1. HP: 13/13 MP: 3/3
   147 | D:1      | Upgraded the game from 0.28-a0-941-g140ffa10cf to
                  | 0.28-a0-957-g42eb19b844
   147 | D:1      | Quit the game

Illustrated notes

Levels and vault maps discovered:
D:1:      eino_arrival_cavern_a, layout_loops_ring

Action                   || total
-------------------------++-------
Melee: Dagger            ||    22
       Bite              ||     3
Armor: Robe              ||     8
Dodge: Dodged            ||    22

Table legend: (Time is in decaauts)
 A = Elapsed time spent in this place.
 B = Non-inter-level travel time spent in this place.
 C = Inter-level travel time spent in this place.
 D = Time resting spent in this place.
 E = Time spent auto-exploring this place.
 F = Levels seen in this place.
 G = Mean time per level.
                   A        B        C        D        E       F      G
               +--------+--------+--------+--------+--------+-----+--------+
         Total |    146 |    146 |      0 |      2 |     66 |   1 |  146.0 |
       Dungeon |    146 |    146 |      0 |      2 |     66 |   1 |  146.0 |
               +--------+--------+--------+--------+--------+-----+--------+

Top non-repeatable levels by time:
     D:1: 146 daAuts
